 Dungeon Crawl Stone Soup version 0.18.1-48-g4cf74bf (webtiles) character file.

79 Metae the Magician (level 4, -1/24 HPs)
             Began as a Deep Elf Fire Elementalist on June 30, 2016.
             Slain by a white imp (4 damage)
             ... summoned by Natasha
             ... on level 3 of the Dungeon on July 1, 2016.
             The game lasted 00:14:22 (1703 turns).

Metae the Magician (Deep Elf Fire Elementalist)     Turns: 1703, Time: 00:14:23

Health: -1/24      AC:  2    Str:  5    XL:     4   Next: 16%
Magic:  10/12      EV: 13    Int: 21    God:
Gold:   59         SH:  0    Dex: 15    Spells: 3 memorised, 5 levels left

rFire  . . .     SeeInvis .     h - +1 dagger
rCold  . . .     Gourm    .     a - +0 robe
rNeg   . . .     Faith    .     (no shield)
rPois  .         Spirit   .     (no helmet)
rElec  .         Dismiss  .     (no cloak)
rCorr  .         Reflect  .     (no gloves)
SustAt .         Harm     .     (no boots)
MR     .....                    (no amulet)
Stlth  ++........               (no ring)
                                (no ring)

@: slowed, very slow, not resistant to hostile enchantments, unstealthy
A: no striking features
a: no special abilities


You were on level 3 of the Dungeon.
You were not hungry.

You visited 1 branch of the dungeon, and saw 3 of its levels.

You collected 59 gold pieces.

Inventory:

Hand Weapons
 h - a +1 dagger (weapon)
Armour
 a - a +0 robe (worn)
 m - a +0 leather armour
Wands
 e - a wand of iceblast (9/15)
Scrolls
 f - a scroll of immolation {unknown}
 g - 2 scrolls of magic mapping
 i - a scroll of teleportation
 k - a scroll of amnesia {unknown}
 l - a scroll of fear {unknown}
 n - a scroll of random uselessness {unknown}
 o - a scroll of recharging {unknown}
 q - a scroll of identify {unknown}
Potions
 j - a potion of lignification {unknown}
 p - 2 potions of magic {unknown}
Books
 b - a book of Flames

   Spells                             Type                      Level
   a - Flame Tongue                   Conjuration/Fire             1
   b - Throw Flame                    Conjuration/Fire             2
   c - Conjure Flame                  Conjuration/Fire             3
   d - Inner Flame                    Hexes/Fire                   3
   e - Sticky Flame                   Conjuration/Fire             4
   f - Fireball                       Conjuration/Fire             5
Comestibles
 c - 3 bread rations
 d - 4 chunks of flesh


   Skills:
 + Level 0.7 Fighting
 + Level 0.0 Short Blades
 * Level 2.7 Dodging
 + Level 2.6 Stealth
 * Level 4.1 Spellcasting
 * Level 2.5 Conjurations
 + Level 0.0 Hexes
 * Level 3.7 Fire Magic
 + Level 0.4 Evocations


You had 5 spell levels left.
You knew the following spells:

 Your Spells              Type           Power        Failure   Level  Hunger
a - Flame Tongue          Conj/Fire      ###..        3%          1    None
b - Throw Flame           Conj/Fire      ###...       6%          2    #......
c - Inner Flame           Hex/Fire       ##......     21%         3    ###....


Dungeon Overview and Level Annotations

Branches:
Dungeon (3/15)

Altars:
Nemelex Xobeh
Vehumet
Yredelemnul
The Shining One

Annotations:
D:3 Natasha


Message History

Natasha barely misses you.
Natasha mumbles some strange words.
Natasha stares at you and mumbles some strange words.
You feel yourself slow down.
You see here 12 bolts.
The white imp gestures at you. The puff of frost hits you!
Natasha casts a spell at you. The magic dart hits you!
Casting: Inner Flame
Confirm with . or Enter, or press ? or * to list all spells.
Aiming: Flame Tongue
Press: ? - help, Shift-Dir - straight line, f/p - Natasha
Aim: Natasha (inner flame)
The flame tongue misses Natasha.
Natasha barely misses you.
The white imp hits you but does no damage.
Natasha claws you!
* * * LOW HITPOINT WARNING * * *
Natasha misses you. The white imp hits you.
You die...

####.######.# #
#....######.# #?
####........##.###### #.
#.....(...#...........
#.##.###.#....###.######.
#....h..#.....##.#
#.##.#####........# #.
#.......h5###### ..
#########@# ## #.# ##'##
##...## ##.....##
##.......## #.........#
+.........+ #.........#


You could see Natasha (inner flame) and a white imp.

Vanquished Creatures
  A gnoll (D:1)
  An adder (D:2)
  A worm (D:2)
  A dart slug (D:1)
  2 giant geckos
  2 ball pythons (D:2)
  6 giant cockroaches
  5 goblins
  7 hobgoblins
  4 jackals (D:2)
  A quokka (D:2)
  6 bats
  2 giant newts
  3 kobolds
  11 rats
53 creatures vanquished.

Vanquished Creatures (others)
  An adder (D:2)
1 creature vanquished.

Grand Total: 54 creatures vanquished

Notes
Turn   | Place    | Note
--------------------------------------------------------------
     0 | D:1      | Metae the Deep Elf Fire Elementalist began the quest for the Orb.
     0 | D:1      | Reached XP level 1. HP: 10/10 MP: 6/6
    66 | D:1      | Found a sparkling altar of Nemelex Xobeh.
   295 | D:1      | Reached XP level 2. HP: 15/15 MP: 4/8
   303 | D:1      | Learned a level 2 spell: Throw Flame
   709 | D:1      | Reached XP level 3. HP: 19/19 MP: 7/10
   801 | D:2      | Reached skill level 4 in Spellcasting
   971 | D:2      | Found a faded altar to an unknown god.
  1039 | D:2      | Found a radiant altar of Vehumet.
  1235 | D:2      | Found a glowing golden altar of the Shining One.
  1244 | D:2      | Noticed an angel
  1257 | D:2      | Found a basalt altar of Yredelemnul.
  1259 | D:2      | Noticed a profane servitor
  1268 | D:2      | Learned a level 3 spell: Inner Flame
  1314 | D:2      | Reached XP level 4. HP: 24/24 MP: 6/12
  1687 | D:3      | Noticed Natasha
  1703 | D:3      | Slain by a white imp

Skill      XL: |  1  2  3 |
---------------+----------+-----
Conjurations   | 2 |  2.5
Spellcasting   | 4 |  4.1
Fighting       | |  0.7
Dodging        | |  2.7
Stealth        | |  2.6
Fire Magic     | |  3.7
Evocations     | |  0.4

Action                   |  1- 3 |  4- 6 || total
-------------------------+-------+-------++-------
Melee: Dagger            |    14 |     1 ||    15
 Cast: Flame Tongue      |    54 |    12 ||    66
       Throw Flame       |    11 |     1 ||    12
       Inner Flame       |       |     1 ||     1
  Use: Scroll            |     4 |       ||     4
  Eat: Chunk             |     1 |     2 ||     3
Armor: Robe              |     4 |     1 ||     5
Dodge: Dodged            |    44 |     6 ||    50
